 Dungeon Crawl Stone Soup version 0.30-a0-335-ge5acde7520 (webtiles) character file.

Game seed: 3654413262092082703

9 blackman the Sneak (level 2, -2/21 (24) HPs)
             Began as a Human Delver on Oct 31, 2022.
             Slain by a necrophage (6 damage)
             ... on level 6 of the Dungeon.
             The game lasted 00:01:08 (265 turns).

blackman the Sneak (Human Delver)                    Turns: 265, Time: 00:01:09

HP:   -2/21 (24)    AC:  3    Str: 12    XL:     2   Next: 20%
MP:   2/2           EV: 12    Int: 10    God:
Gold: 0             SH:  0    Dex: 14    Spells: 1/1 levels left

rFire   . . .      SeeInvis .    a - +0 falchion
rCold   . . .      Faith    .    (no shield)
rNeg    . . .      Spirit   .    b - +0 leather armour
rPois   .          Reflect  .    (no helmet)
rElec   .          Harm     .    (no cloak)
rCorr   .          Rampage  .    (no gloves)
Will    .....                    (no boots)
Stlth   +++.......               (no amulet)
HPRegen 0.23/turn                (no ring)
MPRegen 0.08/turn                (no ring)

@: heavily drained
A: no striking features
a: no special abilities


You were on level 6 of the Dungeon.
You visited 1 branch of the dungeon, and saw 2 of its levels.

Inventory:

Hand Weapons
 a - a +0 falchion (weapon)
Armour
 b - a +0 leather armour (worn)
Wands
 g - a wand of digging (3)
Scrolls
 c - a scroll of fog
 d - a scroll of magic mapping
Potions
 f - a potion of haste
 h - a potion of cancellation {unknown}


   Skills:
 - Level 3.0 Fighting
 + Level 2.8 Long Blades
 - Level 2.0 Dodging
 - Level 5.0 Stealth


You had one spell level left.
You didn't know any spells.
Your spell library was empty.

Dungeon Overview and Level Annotations

Branches:
Dungeon (6/15)
 Temple: D:4-7

Altars:


Message History

You closely miss the necrophage.
The necrophage is lightly damaged.
The necrophage barely misses you.
You barely miss the necrophage.
The necrophage is lightly damaged.
The necrophage closely misses you. The necrophage hits you.
You feel drained.
You closely miss the necrophage.
The necrophage is lightly damaged.
The necrophage closely misses you.
You barely miss the necrophage.
The necrophage is lightly damaged.
A scorpion comes into view.
The necrophage hits you.
You feel drained.
You hit the necrophage.
The necrophage is moderately damaged.
The necrophage closely misses you.
You barely miss the necrophage.
The necrophage is moderately damaged.
The necrophage splashes around in the water.
You hit the necrophage.
The necrophage is heavily damaged.
The necrophage hits you.
You feel drained.
You slash the necrophage!
The necrophage is severely damaged.
The necrophage hits you.
* * * LOW HITPOINT WARNING * * *
The necrophage closely misses you.
As you read the scroll of fear, it crumbles to dust.
You assume a fearsome visage.
The necrophage is unaffected.
The scorpion looks frightened!
The necrophage closely misses you.
You closely miss the necrophage.
The necrophage is severely damaged.
The necrophage splashes around in the water.
You hit the necrophage.
The necrophage is almost destroyed.
The necrophage hits you but does no damage.
You barely miss the necrophage.
The necrophage is almost destroyed.
The necrophage hits you.
You die...

#### #..####
####..~.~##
♣...♣...~~#
#~♣.≈~~.~#
##≈~♣.~~≈.~.##
....~≈~n@.~..#
#..~~.≈#≈~...#
##.~..~♣~....#
#~..#..♣.≈~.#
#..~#~~~#.~.#
##...♣~♣#~..#
###..# ###.#
##. ##.## #
#...#


You could see a necrophage.

Vanquished Creatures
  An ufetubus (D:5)
  A worm (D:5)
2 creatures vanquished.

Notes
Turn   | Place    | Note
-------+----------+-------------------------------------------
     0 | D:5      | blackman the Human Delver began the quest for the Orb.
     0 | D:5      | Reached XP level 1. HP: 18/18 MP: 1/1
    84 | D:5      | Reached XP level 2. HP: 7/24 MP: 2/2
   212 | D:6      | Noticed a killer bee
   212 | D:6      | Noticed a killer bee
   212 | D:6      | Noticed a killer bee
   245 | D:6      | Noticed a necrophage
   257 | D:6      | Noticed a scorpion
   265 | D:6      | Slain by a necrophage

Illustrated notes

Levels and vault maps discovered:
D:5:      layout_basic, marbit_many_paths, mainiacjoe_overflow_24_doors
D:6:      layout_loops_ring, nicolae_overflow_squiral, minmay_temple_entry_hall,
          serial_rivers, chequers_serial_rivers_large_a,
          chequers_serial_rivers_small_3, chequers_serial_rivers_marsh,
          chequers_serial_rivers_small_b, chequers_serial_rivers_micro_d,
          grunt_tough_drop

Action                   || total
-------------------------++-------
Melee: Falchion          ||    22
  Use: Scroll            ||     1
Armor: Leather armour    ||     2
Dodge: Dodged            ||    13

Table legend: (Time is in decaauts)
 A = Elapsed time spent in this place.
 B = Non-inter-level travel time spent in this place.
 C = Inter-level travel time spent in this place.
 D = Time resting spent in this place.
 E = Time spent auto-exploring this place.
 F = Levels seen in this place.
 G = Mean time per level.
                   A        B        C        D        E       F      G
               +--------+--------+--------+--------+--------+-----+--------+
         Total |    269 |    267 |      2 |      0 |    183 |   2 |  134.5 |
       Dungeon |    269 |    267 |      2 |      0 |    183 |   2 |  134.5 |
               +--------+--------+--------+--------+--------+-----+--------+

Top non-repeatable levels by time:
     D:5: 205 daAuts
     D:6: 64 daAuts
